 Dungeon Crawl Stone Soup version 0.20-a0-1006-ge6c5631 (webtiles) character file.

220 Ordine the Insei (level 5, 0/33 HPs)
             Began as an Octopode Transmuter on Apr 13, 2017.
             Slain by Ordine's ghost (5 damage)
             ... in a sewer.
             The game lasted 00:07:13 (3494 turns).

Ordine the Insei (Octopode Transmuter)              Turns: 3494, Time: 00:07:14

Health: 0/33       AC:  2    Str: 10    XL:     5   Next: 97%
Magic:  9/11       EV: 25    Int: 20    God:
Gold:   169        SH:  0    Dex: 20    Spells: 9/12 levels left

rFire    . . .     SeeInvis .     - Unarmed
rCold    . . .     Gourm    .   (shield currently unavailable)
rNeg     . . .     Faith    .   (helmet currently unavailable)
rPois    x         Spirit   .   (no amulet)
rElec    .         Reflect  .   a - +4 ring of intelligence
rCorr    .         Harm     .   (no ring)
MR       .....     Clarity  +   (no ring)
Stlth    ++++......             (no ring)
Regen    0.2/turn               (no ring)
MPRegen  0.2/turn               (no ring)
                                (no ring)
                                (no ring)

@: agile, spider-form (expiring), very slightly contaminated, invisible, very
slow
A: almost no armour, stealthy swim, (amphibious), 8 rings, (constrict 8),
clarity, clumsy 1
a: End Transformation


You were in a sewer.
You were hungry.
You were a venomous arachnid creature.
You visited 1 branch of the dungeon, and saw 4 of its levels.
You also visited: Sewer.

You collected 169 gold pieces.

Inventory:

Jewellery
 a - a +4 ring of intelligence (left front leg)
 f - an uncursed ring of wizardry {unknown}
Wands
 d - a wand of polymorph (6/24)
 m - a wand of digging (1/24)
Scrolls
 j - 2 scrolls of amnesia
Potions
 e - 2 potions of curing
Books
 b - a book of Changes

   Spells                             Type                      Level
   a - Beastly Appendage              Transmutation                1
   b - Sticks to Snakes               Transmutation                2
   c - Spider Form                    Transmutation/Poison         3
   d - Ice Form                       Ice/Transmutation            4
   e - Blade Hands                    Transmutation                5
Comestibles
 c - 3 bread rations
 i - a royal jelly
 l - 2 chunks of flesh


   Skills:
 - Level 1.0 Fighting
 - Level 2.0 Dodging
 + Level 4.3 Unarmed Combat
 * Level 4.1 Spellcasting
 + Level 3.1 Transmutations


You had 9 spell levels left.
You knew the following spells:

 Your Spells              Type           Power        Failure   Level  Hunger
a - Spider Form           Tmut/Pois      ##........   41%         3    ###....


Dungeon Overview and Level Annotations

Branches:
Dungeon (4/15)
 Temple: D:4-7

Altars:

Annotations:
D:4 Eustachio Sewer Ordine's ghost, amateur OpTm


Innate Abilities, Weirdness & Mutations

You cannot wear most types of armour.
You are very stealthy in the water. (Stealth+)
((You are amphibious.))
You can wear up to eight rings at the same time.
((You can use your tentacles to constrict eight enemies at once.))
((Your skin changes colour to match your surroundings (Stealth+).))
((Your rubbery body absorbs attacks. (AC +1, EV +1)))
You possess an exceptional clarity of mind.
You are clumsy. (Dex -2)


Message History

Ordine's ghost shrieks, "You will join me soon!"
Ordine's ghost barely misses you.
Your unstable footing causes you to fumble your attack.
The big kobold shouts!
Ordine's ghost hits you.
* * * LOW HITPOINT WARNING * * *
The kobold wields a blowgun.
The kobold shoots a poisoned needle.
The poisoned needle misses Ordine's ghost.
The poisoned needle misses you.
You hear a splash.
Unknown command.
Unknown command.
The kobold shoots a poisoned needle.
The poisoned needle barely misses Ordine's ghost.
The poisoned needle completely misses you.
You hear a splash.
Ordine's ghost completely misses you.
You see here a poisoned needle.
Ordine's ghost hits you.
You die...

#≈# #≈# #≈# #≈# #≈# **** #≈#
**,,** #≈# **,≈,,*########≈##
*,≈≈≈,*.≈K..≈.≈s≈######*
*,,≈,,*≈.≈≈≈≈.W(...≈...*******
*,,,,,*.K≈≈≈≈≈≈(≈≈≈≈≈≈≈≈≈≈≈≈≈***
*,,,,,,≈≈≈≈≈≈≈≈≈≈≈≈≈≈≈≈≈≈≈≈≈≈≈≈≈
*,,,,,*≈≈≈≈≈≈≈≈h≈≈≈≈≈≈≈≈≈≈≈≈***≈
**,*,,,*..≈≈≈≈...≈≈.....******
** *,***,**..≈....≈..###.##*
**,*****########### *∩# *,,**
**#


You could see a big kobold, Ordine's ghost, a jackal and a kobold.

Vanquished Creatures
  2 orc wizards (D:3)
  6 adders
  A river rat (Sewer)
  An ooze (D:2)
  3 worms
  2 dart slugs (D:3)
  2 leopard geckos
  13 orcs (D:3)
  3 giant cockroaches
  8 goblins
  4 hobgoblins
  2 jackals (D:2)
  3 quokkas
  A ball python (D:3)
  6 bats
  3 frilled lizards
  3 kobolds
  8 rats
71 creatures vanquished.

Notes
Turn   | Place    | Note
-------+----------+-------------------------------------------
     0 | D:1      | Ordine the Octopode Transmuter began the quest for the Orb.
     0 | D:1      | Reached XP level 1. HP: 13/13 MP: 3/3
   292 | D:1      | Reached XP level 2. HP: 18/18 MP: 5/5
   619 | D:2      | Reached XP level 3. HP: 12/23 MP: 7/7
   876 | D:2      | Learned a level 3 spell: Spider Form
  1907 | D:3      | Reached XP level 4. HP: 26/28 MP: 8/8
  2654 | D:3      | Reached XP level 5. HP: 10/33 MP: 7/10
  3390 | D:4      | Found a glowing drain.
  3400 | D:4      | Noticed Eustachio
  3409 | Sewer    | Entered a sewer
  3464 | Sewer    | Noticed Ordine's ghost (amateur OpTm)
  3471 | Sewer    | Gained mutation: You are clumsy. (Dex -2) [potion of mutation]
  3471 | Sewer    | Gained mutation: You possess an exceptional clarity of mind. [potion of mutation]
  3488 | Sewer    | Noticed a big kobold
  3494 | Sewer    | Slain by Ordine's ghost

Vault maps used:
D:1:      minmay_arrival_semitransparent, minmay_misc_feat_five,
          nrook_mini_backslash
D:2:      first_bread
D:4:      portal_sewer_entry_a, uniq_eustachio, uniq_natasha
Sewer:    sewer_kobolds

Skill      XL: |  1  2  3  4  5 |
---------------+----------------+-----
Spellcasting   | 3 4 |  4.1
Unarmed Combat | 4 |  4.3
Transmutations | 3 |  3.1
Fighting       | |  1.0
Dodging        | |  2.0

Action                   |  1- 3 |  4- 6 || total
-------------------------+-------+-------++-------
Melee: Unarmed           |    70 |   130 ||   200
       Constrict         |    21 |    25 ||    46
       Tentacles         |    17 |    12 ||    29
       Punch             |       |     1 ||     1
 Cast: Spider Form       |       |     4 ||     4
  Use: Scroll            |     5 |     2 ||     7
       Potion            |       |     5 ||     5
 Stab: Sleeping          |     6 |     3 ||     9
  Eat: Chunk             |     3 |     5 ||     8
Armor: Skin              |    11 |    10 ||    21
Dodge: Dodged            |    46 |    95 ||   141
